 Dungeon Crawl Stone Soup version 0.30.0-3-ga4e48a9924 (webtiles) character file.

Game seed: 13174433605253862008

387 adizb the Gusty (level 6, -2/36 HPs)
             Began as a Tengu Air Elementalist on May 7, 2023.
             Slain by a phantom (4 damage)
             ... on level 5 of the Dungeon.
             The game lasted 00:16:11 (2691 turns).

adizb the Gusty (Tengu Air Elementalist)            Turns: 2691, Time: 00:16:11

Health: -2/36      AC:  5    Str:  8    XL:     6   Next: 78%
Magic:  4/11       EV: 15    Int: 28    God:
Gold:   193        SH:  0    Dex: 16    Spells: 5/11 levels left

rFire   . . .        y - +0 long sword
rCold   . . .        (no shield)
rNeg    . . .        o - +0 leather armour
rPois   .            (helmet restricted)
rElec   .            u - +0 cloak
rCorr   .            d - +0 pair of gloves
SInv    .            (boots unavailable)
Will    .....        (no amulet)
Stlth   ++           a - +6 ring of intelligence
HPRegen 0.26/turn    w - +6 ring of intelligence
MPRegen 0.12/turn

%: no passive effects
@: lethally poisoned (-2 -> -2), flying quickly and evasively, quick
A: beak, talons 3, nimble flight
a: no special abilities


You were on level 5 of the Dungeon.
You visited 1 branch of the dungeon, and saw 5 of its levels.

You collected 193 gold pieces.

Inventory:

Hand Weapons
 e - a +2 dagger of flaming
 y - a +0 long sword (weapon)
Armour
 d - a +0 pair of gloves (worn)
 o - a +0 leather armour (worn)
 u - a +0 cloak (worn)
Jewellery
 a - a +6 ring of intelligence (left hand)
 w - a +6 ring of intelligence (right hand)
Wands
 q - a wand of flame (9)
Scrolls
 i - a scroll of immolation {unknown}
 j - a scroll of blinking {unknown}
 k - a scroll of magic mapping
 l - a scroll of vulnerability {unknown}
 m - a scroll of amnesia {unknown}
 p - a scroll of fog {unknown}
 r - a scroll of noise {unknown}
Potions
 b - a potion of magic
 c - a potion of invisibility {unknown}
 f - a potion of lignification {unknown}
 g - 2 potions of degeneration {unknown}
 h - a potion of flight {unknown}
 n - 2 potions of brilliance {unknown}
 s - a potion of cancellation {unknown}
 t - a potion of haste {unknown}
 v - a potion of heal wounds {unknown}
 x - a potion of might {unknown}


   Skills:
 + Level 2.3 Fighting
 + Level 1.0 Long Blades
 + Level 1.4 Armour
 + Level 3.8 Dodging
 - Level 2.0 Stealth
 + Level 3.1 Spellcasting
 + Level 4.0 Conjurations
 + Level 5.5 Air Magic


You had 5 spell levels left.
You knew the following spells:

 Your Spells              Type           Power      Damage    Failure   Level
a - Shock                 Conj/Air       100%       1d9       1%          1
b - Static Discharge      Conj/Air       62%        2-5/arc   2%          2
c - Swiftness             Air            35%        N/A       3%          3

Your spell library contained the following spells:

 Spells                   Type           Power      Damage    Failure   Level
 Magic Dart               Conj           100%       1d8       2%          1
 Searing Ray              Conj           52%        2d6       3%          2
 Airstrike                Air            17%        2d(3-19)  12%         4
 Sublimation of Blood     Necr           4%         N/A       17%         2
 Wereblood                Tmut           4%         N/A       17%         2
 Inner Flame              Hex/Fire       4%         N/A       34%         3
 Flame Wave               Conj/Fire      15%        2d7       45%         4
 Fulminant Prism          Conj/Hex       7%         3d6       45%         4
 Sticky Flame             Conj/Fire      15%        2d4       45%         4
 Summon Hydra             Summ           2%         N/A       100%        7


Dungeon Overview and Level Annotations

Branches:
Dungeon (5/15)
 Temple: D:4-7

Altars:
Makhleb
Qazlal
Xom

Shops:
D:3 [


Innate Abilities, Weirdness & Mutations

You have a beak for a mouth.
You have claws for feet.
Your magical nature lets you fly swiftly and evasively.


Message History

The phantom closely misses you. The sleepcap barely misses you.
The scorpion barely misses you.
Casting: Static Discharge (safe; 2% risk of failure)
Press: ? - help, Q - select action, (/) - cycle Dir - look around, f - activate The phantom is struck by an arc of lightning.
The phantom is heavily damaged.
You are struck by an arc of lightning.
The sleepcap is struck by an arc of lightning.
The sleepcap is almost destroyed.
You are struck by an arc of lightning.
The scorpion is struck by an arc of lightning.
You kill the scorpion!
The lightning grounds out.
You feel sick. The sleepcap closely misses you. The phantom closely misses you.
Casting: Static Discharge (safe; 2% risk of failure)
Press: ? - help, Q - select action, (/) - cycle Dir - look around, f - activate The phantom is struck by an arc of lightning.
The phantom is severely damaged.
You are struck by an arc of lightning.
* * * LOW HITPOINT WARNING * * *
The sleepcap is struck by an arc of lightning.
You destroy the sleepcap!
The lightning grounds out.
You feel sick. The phantom barely misses you.
Your Long Blades skill increases to level 1!
Your Conjurations skill increases to level 4!
You closely miss the phantom. You claw the phantom.
The phantom is almost destroyed.
You feel sick. The phantom hits you.
* * * LOW HITPOINT WARNING * * *
You hit the phantom but do no damage. Your kick misses the phantom.
The phantom is almost destroyed.
You feel sick.
The phantom hits you but does no damage.
The phantom misses you.
You closely miss the phantom.
The phantom is almost destroyed.
* * * LOW HITPOINT WARNING * * *
You feel sick. The phantom hits you.
You die...

###+### #
≈≈.≈≈ #
#§#§..#§#
#§.....≈#
+...@.§.+
#≈...W.≈#
#≈#§..#≈#
# ≈≈.≈≈ #
###+###


You could see a phantom.

Vanquished Creatures
  A phantom (D:4)
  A scorpion (D:5)
  A crimson imp (D:4)
  2 hounds (D:4)
  A sleepcap (D:5)
  An iguana (D:4)
  Robin (D:3)
  An adder (D:2)
  An ufetubus (D:4)
  2 worms
  2 dart slugs
  2 orcs (D:4)
  An endoplasm (D:4)
  4 giant cockroaches
  19 goblins
  8 hobgoblins
  3 jackals (D:3)
  4 kobolds
  A quokka (D:4)
  9 ball pythons
  2 bats
  5 frilled lizards
  7 rats
79 creatures vanquished.

Notes
Turn   | Place    | Note
-------+----------+-------------------------------------------
     0 | D:1      | adizb the Tengu Air Elementalist began the quest for the
                  | Orb.
     0 | D:1      | Reached XP level 1. HP: 10/10 MP: 4/4
   129 | D:1      | Reached XP level 2. HP: 15/15 MP: 6/6
   662 | D:2      | Reached XP level 3. HP: 16/20 MP: 1/7
   855 | D:2      | Learned a level 2 spell: Static Discharge
   859 | D:2      | Learned a level 3 spell: Swiftness
  1309 | D:3      | Reached XP level 4. HP: 24/24 MP: 8/8
  1350 | D:3      | Found Ixucoh's Antique Armour Boutique.
  1366 | D:3      | Reached skill level 1 in Fighting
  1368 | D:3      | Noticed Robin
  1406 | D:3      | Killed Robin
  1506 | D:3      | Found a stormy altar of Qazlal.
  1847 | D:4      | Gained mutation: Your magical nature lets you fly swiftly
                  | and evasively. [Tengu growth]
  1847 | D:4      | Reached XP level 5. HP: 21/29 MP: 7/10
  1882 | D:4      | Reached skill level 5 in Air Magic
  1915 | D:4      | Noticed a phantom
  2280 | D:4      | Found a burning altar of Makhleb.
  2280 | D:4      | Found a shimmering altar of Xom.
  2386 | D:4      | Reached XP level 6. HP: 27/35 MP: 8/11
  2583 | D:4      | Reached skill level 1 in Armour
  2628 | D:5      | Entered Level 5 of the Dungeon
  2689 | D:5      | Reached skill level 1 in Long Blades
  2691 | D:5      | Slain by a phantom

Illustrated notes

Levels and vault maps discovered:
D:1:      mainiacjoe_arrival_reflecting_pool, layout_loops_ring
D:2:      layout_basic
D:3:      layout_loops_ring, lemuel_crystal_altar, serial_shops, shop,
          uniq_robin
D:4:      layout_loops_ring, grunt_temple_overflow_champion_of_chaos
D:5:      layout_basic, nicolae_ossuary_entry_catacombs, roderic_lattice_a,
          minmay_misc_feat_room, minivault_11, kennysheep_small_square,
          uniq_grinder

Skill      XL: |  1  2  3  4  5  6 |
---------------+-------------------+-----
Conjurations   | 2 3 4 |  4.0
Fighting       | 1 2 |  2.3
Dodging        | 3 |  3.8
Air Magic      | 5 |  5.5
Armour         | 1 |  1.4
Spellcasting   | 3 |  3.1
Long Blades    | 1 |  1.0
Stealth        | |  2.0

Action                     |  1- 3 |  4- 6 || total
---------------------------+-------+-------++-------
  Melee: Dagger            |    45 |    52 ||    97
         Kick              |     7 |    18 ||    25
         Unarmed           |     2 |       ||     2
         Peck              |     5 |     6 ||    11
         Punch             |       |     1 ||     1
         Long sword        |       |    13 ||    13
   Cast: Shock             |    23 |    23 ||    46
         Static Discharge  |       |    12 ||    12
    Use: Potion            |       |     1 ||     1
         Scroll            |       |     1 ||     1
   Stab: Sleeping          |    10 |     1 ||    11
 Armour: Robe              |     7 |       ||     7
         Leather armour    |       |    19 ||    19
  Dodge: Dodged            |    27 |    64 ||    91
